 Dungeon Sprint DCSS version 0.21.0-24-g2553a33 (webtiles) character file.

100 letownia2 the Ruffian (level 4, 0/41 HPs)
             Began as a Troll Wizard on Jan 20, 2018.
             Slain by a water elemental (17 damage)
             ... in the Dungeon (Sprint III: "The Ten Rune Challenge").
             The game lasted 00:00:53 (190 turns).

letownia2 the Ruffian (Troll Wizard)                 Turns: 190, Time: 00:00:54

Health: 0/41       AC:  5    Str: 15    XL:     4   Next: 47%
Magic:  1/7        EV:  9    Int: 15    God:
Gold:   21         SH:  0    Dex:  8    Spells: 2/9 levels left

rFire    . . .     SeeInvis .     - Unarmed
rCold    . . .     Gourm    +   (no shield)
rNeg     . . .     Faith    .   a - +0 robe
rPois    .         Spirit   .   b - +0 hat
rElec    .         Reflect  .   (no cloak)
rCorr    .         Harm     .   (gloves unavailable)
MR       .....     NoTele   +   (boots unavailable)
Stlth    +.........             (no amulet)
HPRegen  0.53/turn              (no ring)
MPRegen  0.10/turn              (no ring)

@: engulfed (cannot breathe), very slightly contaminated
A: large, unfitting armour, claws 3, fast metabolism 3, gourmand, regeneration
1, shaggy fur 1, tough skin 2
a: no special abilities


You were in the Dungeon.
You were not hungry.

You visited 1 branch You collected 21 gold pieces.

Inventory:

Armour
 a - a +0 robe (worn)
 b - a +0 hat (worn)
Scrolls
 j - a scroll of blinking
 l - a scroll of torment {unknown}
 m - 3 scrolls of identify
 n - 4 scrolls of remove curse
 p - a scroll of immolation {unknown}
Potions
 e - a potion of curing
 f - a potion of heal wounds
 g - a potion of haste
 h - 2 potions of magic
 i - a potion of berserk rage
 k - 5 potions of mutation
 o - 3 potions of flight
Books
 c - a book of Minor Magic

   Spells                             Type                      Level
   a - Magic Dart                     Conjuration                  1
   b - Blink                          Translocation                2
   c - Call Imp                       Summoning                    2
   d - Slow                           Hexes                        2
   e - Conjure Flame                  Conjuration/Fire             3
   f - Mephitic Cloud                 Conjuration/Poison/Air       3
Comestibles
 d - 4 rations


   Skills:
 - Level 1.3 Fighting
 - Level 1.5 Dodging
 - Level 1.0 Stealth
 * Level 6.1 Unarmed Combat
 + Level 3.1 Spellcasting
 - Level 0.6 Conjurations
   Level 0.6 Summonings
   Level 0.6 Translocations
 + Level 1.5 Fire Magic
 + Level 1.4 Air Magic
 + Level 1.7 Poison Magic


You had 2 spell levels left.
You knew the following spells:

 Your Spells              Type           Power        Failure   Level  Hunger
a - Magic Dart            Conj           #...         16%         1    #......
c - Conjure Flame         Conj/Fire      #.......     36%         3    ###....
e - Mephitic Cloud        Conj/Pois/Air  #.......     34%         3    ###....


Dungeon Overview and Level Annotations

Branches:
Dungeon (1/1)

Altars:


Innate Abilities, Weirdness & Mutations

You are too large for most types of armour.
You have claws for hands.
Your metabolism is lightning-fast.
You like to eat raw meat.
Your natural rate of healing is unusually fast.
You are covered in fur. (AC +1)
You have very tough skin. (AC +2)


Message History

The fire ignites!
The water elemental hits you!
The water elemental engulfs you in water!
With effort, you pull free of the water engulfing you.
You gasp with relief as air once again reaches your lungs.
The water elemental closely misses you.
You claw the water elemental!
The water elemental is heavily damaged.
The water elemental closely misses you.
You scratch the water elemental.
The water elemental is severely damaged.
The water elemental hits you!
You scratch the water elemental.
The water elemental is almost destroyed.
The water elemental hits you.
The water elemental engulfs you in water!
You scratch the water elemental.
The water elemental is almost destroyed.
Your lungs strain for air!
The water elemental hits you!
You die...

▓▓▓▓▓▓▓▓▓▓▓▓ ▓▓▓
▓<.#..'....♣♣♣ ♣.#
▓..#..#....♣.♣ ♣.#
▓#÷####......♣ ♣♣.#
▓.....#....≈.♣♣♣..#
▓.....#...≈≈♣♣....#
▓....)#..≈≈≈≈.♣E♣.'.⌠....
▓####'#..≈≈≈≈≈≈@♣.#...###
▓[....#.≈≈≈≈≈≈....#.⌠.#
▓.....#.≈≈≈≈≈.....# ..#
▓.....#.≈≈≈.......# ###
▓'#####...........#
▓.................#
▓▓▓▓▓▓▓▓▓▓▓▓▓▓▓▓▓▓▓


You could see a water elemental.

Vanquished Creatures
  A scorpion (D)
  Jessica (D)
  A human (D)
  An ooze (D)
  2 rats (D)
6 creatures vanquished.

Vanquished Creatures (others)
  A draconian scorcher (D)
  5 hellions (D)
  2 yaktaurs (D)
  2 plants (D)
10 creatures vanquished.

Grand Total: 16 creatures vanquished

Notes
Turn   | Place    | Note
-------+----------+-------------------------------------------
     0 | D        | letownia2 the Troll Wizard began the quest for the Orb.
     0 | D        | Reached XP level 1. HP: 16/16 MP: 2/2
     4 | D        | Reached skill level 1 in Fighting
     4 | D        | Reached skill level 2 in Unarmed Combat
    16 | D        | Noticed Jessica
    48 | D        | Killed Jessica
    48 | D        | Reached skill level 4 in Unarmed Combat
    48 | D        | Reached XP level 2. HP: 15/27 MP: 2/4
    48 | D        | Reached XP level 3. HP: 19/33 MP: 2/5
    61 | D        | Learned a level 3 spell: Mephitic Cloud
    65 | D        | Learned a level 3 spell: Conjure Flame
   108 | D        | Reached skill level 5 in Unarmed Combat
   120 | D        | Killed a hellion
   120 | D        | Killed a yaktaur
   124 | D        | Killed a hellion
   127 | D        | Killed a yaktaur
   143 | D        | Noticed a scorpion
   151 | D        | Killed a scorpion
   151 | D        | Reached skill level 6 in Unarmed Combat
   151 | D        | Reached skill level 1 in Fire Magic
   151 | D        | Reached skill level 1 in Air Magic
   151 | D        | Reached skill level 1 in Poison Magic
   151 | D        | Reached XP level 4. HP: 35/41 MP: 7/7
   158 | D        | Killed a white draconian scorcher
   181 | D        | Noticed a water elemental
   190 | D        | Killed a hellion
   190 | D        | Killed a hellion
   190 | D        | Killed a hellion
   190 | D        | Slain by a water elemental

Skill      XL: |  1  2  3 |
---------------+----------+-----
Fighting       | 1 |  1.3
Unarmed Combat | 4 6 |  6.1
Spellcasting   | 3 |  3.1
Fire Magic     | 1 |  1.5
Air Magic      | 1 |  1.4
Poison Magic   | 1 |  1.7
Dodging        | |  1.5
Stealth        | |  1.0
Conjurations   | |  0.6
Summonings     | |  0.6
Translocations | |  0.6

Action                   |  1- 3 |  4- 6 || total
-------------------------+-------+-------++-------
Melee: Unarmed           |    30 |     4 ||    34
 Cast: Conjure Flame     |       |     1 ||     1
  Eat: Chunk             |     2 |       ||     2
Armor: Robe              |    15 |     1 ||    16
Dodge: Dodged            |    16 |     2 ||    18
